[Event "*** SCC Grand Prix: Titled Tuesday Blitz"]
[Site "Chess.com"]
[Date "2020.06.02"]
[Round "2"]
[White "Eloist"]
[Black "awesomevishesh"]
[Result "0-1"]
[WhiteElo "2226"]
[BlackElo "2447"]
[TimeControl "180+1"]
[EndTime "10:19:07 PDT"]
[Termination "awesomevishesh won on time"]

1. e4 c5 2. Nf3 d6 3. Bb5+ Nd7 4.
O-O a6 5. Bd3 Ngf6 6. Re1 e6 7.
c3 b5 8. Bc2 Bb7 9. d4 cxd4 10.
cxd4 Be7 11. Nc3 O-O 12. Bf4 Rc8 13. e5 dxe5 14. dxe5 Nd5 15. Qd3 g6 16. Nxd5 Bxd5 17. Bh6 Re8 18. Rad1 Qc7 19. Bb1 Red8 20. Rc1 Qb7 21.
Rxc8 Rxc8 22. Qe3 Bb4 23. Rd1 Qc7 24. a3 Be7 25. Be4 Nb6 26. h4 Bxe4 27. Qxe4 Qc2 28. Qd4 Qc5 29. Rc1 Qxd4 30. Rxc8+ Nxc8 31. Nxd4 Bxh4 32. Nc6 Ne7 33. Nb4 a5 34. Na6 Nc6 35. Nc7 b4 36. g3 Bd8 37. Ne8 Nxe5 38. Bf4 Nd3 39. axb4 axb4 40. b3 Nxf4 41. gxf4 f5 42. Nd6 Kf8 43.
Nc4 Ke7 44. Ne5 Bc7 45. Nc6+ Kd7 46. Nxb4 Bxf4 47. Nd3 Bd2 48. b4 Kd6 49. Kf1 e5 50.
Ke2 Bc3 51. f3 e4 52. fxe4 fxe4 53. Nf2 Ke5 54. b5 Bd4 55. Ng4+ Kf4 56. Nh6 g5 57.
Nf7 g4 58. Nd6 g3 59. Nc4 g2 0-1

[Event "*** SCC Grand Prix: Titled Tuesday Blitz"]
[Site "Chess.com"]
[Date "2020.06.02"]
[Round "2"]
[White "vaishali2001"]
[Black "Salem-AR"]
[Result "1-0"]
[WhiteElo "2611"]
[BlackElo "3033"]
[TimeControl "180+1"]
[EndTime "10:19:09 PDT"]
[Termination "vaishali2001 won by resignation"]

1. e4 c5 2. Nc3 Nc6 3. Nge2 Nf6 4. d4 cxd4 5. Nxd4 e5 6. Ndb5 d6 7. Bg5 a6 8. Na3 b5 9. Bxf6 gxf6 10. Nd5 f5 11. g3 Bg7 12. Bg2 fxe4 13. O-O O-O 14. Bxe4 f5 15. Bg2 Ra7 16. c3 Ne7 17. f4 e4 18. Nc2 Nxd5 19. Qxd5+ Kh8 20. Rad1 Qb6+ 21. Kh1 Rd7 22. a3 Bb7 23. Qd2 d5 24. Nd4 a5 25. Qe3 Rd6 26. Qd2 Bc8 27. Rfe1 Bd7 28.
Nc2 Rd8 29. Re2 h5 30. Qe1 Be8 31. Red2 h4 32. gxh4 Bh5 33. Rc1 Bh6 34. Qf2 Qxf2 35.
Rxf2 Rg8 36. Nd4 Rf6 37. Nxb5 e3 38. Rff1 e2 39. Rf2 Rb6 40. a4 Rbg6 41. Re1 Rxg2 42. Rxg2 Bf3 43. Rxe2 Rxg2 44. Rxg2 Bxf4 45. Kg1 Be3+ 46. Kf1 Bxg2+ 47. Kxg2 Kg7 48. Kf3 Bc1 49. b4 axb4 50. cxb4 Bd2 51. a5 Bxb4 52. a6 Bc5 53.
a7 Bxa7 54. Nxa7 Kh6 55. Nc6 Kh5 56. Kg3 f4+ 57. Kh3 f3 58. Nd4 f2 59. Kg2 Kxh4 60.
Kxf2 Kg4 61. Kg2 Kf4 62. h3 Ke4 63. Nb3 Ke3 64. Kg3 Ke4 65. Kg4 Ke5 66. Kg5 d4 67. Nxd4 Kxd4 68. h4 1-0

[Event "*** SCC Grand Prix: Titled Tuesday Blitz"]
[Site "Chess.com"]
[Date "2020.06.02"]
[Round "2"]
[White "Sanan_Sjugirov"]
[Black "Anna_ChessMate"]
[Result "1-0"]
[WhiteElo "2897"]
[BlackElo "2560"]
[TimeControl "180+1"]
[EndTime "10:19:10 PDT"]
[Termination "Sanan_Sjugirov won by resignation"]

1. e4 e5 2. Nf3 Nc6 3. Bb5 a6 4. Ba4 Nf6 5. O-O Nxe4 6. d4 b5 7. Bb3 d5 8. dxe5 Be6 9. Qe2 Be7 10. Rd1 Nc5 11. Nc3 Nxb3 12. cxb3 O-O 13. Bf4 Na5 14. Qd2 c6 15. h3 Nb7 16. Rac1 Rc8 17. a3 a5 18. Nd4 b4 19. axb4 axb4 20. Na4 c5 21. Nxe6 fxe6 22. Bg3 Na5 23. Qd3 d4 24. Qa6 Rc6 25. Qb5 Qc7 26. Qd3 Qd7 27. Qb5 Nxb3 28. Rc2 Qc7 29. Qd3 Na5 30. b3 Qd7 31. Nb2 Qd5 32.
Nc4 Nxc4 33. Rxc4 Ra8 34. Rdc1 Ra3 35. f3 g6 36. Kh2 Kg7 37. R1c2 Ra1 38. h4 h5 39. Rc1 Ra2 40. R1c2 Ra3 41. Rc1 Rca6 42. R4c2 Rxb3 43. Qxa6 d3 44. Rd2 Rc3 45. Qa7 Rxc1 46.
Qxe7+ Kg8 47. Qg5 Kg7 48. Qf6+ Kh7 49. Qf7+ Kh8 50. Bf4 Rc4 51. Qf8+ Kh7 52. Qh6+ Kg8 53. Qxg6+ Kf8 54. Rxd3 Rxf4 55. Rxd5 exd5 56. Qh6+ Ke7 57.
Qxf4 c4 58. Qf6+ Kd7 59. e6+ 1-0

[Event "*** SCC Grand Prix: Titled Tuesday Blitz"]
[Site "Chess.com"]
[Date "2020.06.02"]
[Round "2"]
[White "Willychess95"]
[Black "EnergeticHay"]
[Result "1-0"]
[WhiteElo "2500"]
[BlackElo "2194"]
[TimeControl "180+1"]
[EndTime "10:19:10 PDT"]
[Termination "Willychess95 won by resignation"]

1. e4 c5 2. Nf3 d6 3. d4 cxd4 4.
Nxd4 Nf6 5. Nc3 a6 6. Bg5 e6 7. f4 h6 8. Bh4 Be7 9. Qf3 Nbd7 10. O-O-O Qc7 11. Bd3 b5 12. e5 Bb7 13. exf6 Bxf3 14. Nxe6 fxe6 15. Bg6+ Kf8 16. fxe7+ Kg8 17. gxf3 Nf6 18.
Bxf6 gxf6 19. e8=Q+ Rxe8 20. Bxe8 Kf8 21. Bh5 d5 22.
Ne2 Ke7 23. Rhe1 Rc8 24. Rd2 b4 25. Nd4 Qxf4 26. Nxe6 Qh4 27. Rde2 Kd6 28. Bg6 Rg8 29.
Bd3 Re8 30. f4 Rg8 31. f5 Rg2 32. b3 Rxh2 33. Bxa6 Rxe2 34. Rxe2 Qh1+ 35. Kb2 Qf3 36. Bd3 h5 37. Nd4 Qg4 38. c3 bxc3+ 39. Kxc3 h4 40. Re6+ Kd7 41. Rxf6 h3 42. Rf7+ Kd6 43. Rh7 Qg3 44.
f6 Qe1+ 45. Kc2 Qf2+ 46. Ne2 h2 47. f7 Qxf7 48. Rxh2 Qf6 49. Rg2 Kc5 50. Nc3 Qe5 51. Na4+ Kd6 52. Rg6+ Ke7 53. Rg2 Qf4 54. Re2+ Kf7 55.
Nc3 Qc7 56. Kb2 d4 57. Nd5 Qc5 58. Rc2 Qd6 59. Bc4 Kf8 60. Rd2 Qe5 61. Kc2 Ke8 62.
Rd3 Kd8 63. Rd2 Kd7 64. a4 Kd6 65. Nb4 Qe4+ 66. Nd3 Qe5 67. Nxe5 Kxe5 1-0

[Event "*** SCC Grand Prix: Titled Tuesday Blitz"]
[Site "Chess.com"]
[Date "2020.06.02"]
[Round "2"]
[White "731291"]
[Black "ChessWarrior7197"]
[Result "1-0"]
[WhiteElo "2582"]
[BlackElo "2907"]
[TimeControl "180+1"]
[EndTime "10:19:11 PDT"]
[Termination "731291 won by resignation"]

1. d4 d5 2. Nf3 e6 3. c4 c5 4. cxd5 exd5 5. g3 Nc6 6. Bg2 cxd4 7. O-O Bc5 8. Nbd2 Nge7 9. Nb3 Bb6 10. Nbxd4 O-O 11.
Bg5 h6 12. Bxe7 Qxe7 13. Rc1 Bd7 14. e3 Rac8 15. Ne2 Be6 16. Nfd4 Rfd8 17. a3 Ne5 18. Nxe6 fxe6 19. Rxc8 Rxc8 20. Nf4 Qf6 21. Bh3 Rc6 22.
Bxe6+ Rxe6 23. Qxd5 Kf7 24. Rc1 g5 25. Nxe6 Qxe6 26.
Qxb7+ Kg6 27. Qe4+ Kf6 28. Kg2 g4 29. Qf4+ Kg6 30. Qe4+ Kf6 31. Rd1 Bc7 32. Rd5 h5 33. Qf4+ Ke7 34. Qe4 Kf6 35. b4 Qe8 36. Rc5 Bd6 37. Rd5 Bc7 38. Rd4 h4 39. gxh4 Qh5 40. Qf4+ Ke6 41. Qg5 Qf7 42. Rf4 Qe8 43. Qf6+ Kd7 44.
Rd4+ Kc8 45. Qa6+ Kb8 46. Rd5 Nf3 47. Qb5+ Qxb5 48. Rxb5+ Kc8 49. h5 a6 50. Rd5 Kb7 51. h6 Kc6 52. Rh5 Be5 53. h7 Bh8 54. h3 Ne5 55.
hxg4 Nxg4 56. Kg3 Nf6 57. Rh6 Kd5 58. f3 Ke5 59. e4 Ke6 60. Kf4 Kf7 61. Kf5 Ne8 62.
Rxa6 Kg7 63. Ra7+ Kh6 64. e5 Ng7+ 65. Rxg7 Kxg7 66. a4 Kxh7 67. a5 Bxe5 68. Kxe5 1-0

[Event "*** SCC Grand Prix: Titled Tuesday Blitz"]
[Site "Chess.com"]
[Date "2020.06.02"]
[Round "2"]
[White "Twitch_ElhamBlitz05"]
[Black "GMaka"]
[Result "1-0"]
[WhiteElo "2685"]
[BlackElo "2356"]
[TimeControl "180+1"]
[EndTime "10:19:11 PDT"]
[Termination "Twitch_ElhamBlitz05 won by resignation"]

1. e4 c6 2. d4 d5 3. Nd2 g6 4. Ngf3 Bg7 5. e5 Nh6 6. Bd3 O-O 7. c3 f6 8. exf6 exf6 9. O-O Bf5 10. Qc2 Nd7 11. b4 Qc7 12. a4 Rae8 13. Nb3 Nb6 14. Bxh6 Bxd3 15. Qxd3 Bxh6 16. Nc5 Nc4 17. Rae1 Qf7 18. a5 b6 19. axb6 axb6 20. Nb3 Bf4 21. g3 Bd6 22. Nbd2 b5 23. Nb3 f5 24. Nc5 Bxc5 25.
dxc5 Re4 26. Ng5 Qe7 27. Nxe4 fxe4 28. f3 e3 29. Re2 Ra8 30. Rfe1 Kf7 31. Rxe3 Nxe3 32.
Rxe3 Qf6 33. f4 Ra2 34. Re5 Ra1+ 35. Kg2 Ra2+ 36. Kh3 Qd8 37. f5 Qf6 38. fxg6+ hxg6 39. Qe3 Rc2 40. Kg4 Rxh2 41. Qf4 Qxf4+ 42. gxf4 Rc2 43. Re3 Kf6 44. Rh3 Rd2 45. Rh8 Ke7 46. Rc8 Kd7 47.
Rg8 Rc2 48. Rg7+ Kc8 49. Rxg6 Rxc3 50. Rxc6+ Kb7 51. Rb6+ Kc7 52. Rxb5 d4 53. Rb6 Rc4 54. Kf3 d3 55. Ke3 d2 56. Kxd2 Rxf4 57. Kc3 Rh4 58. Kb3 Rh1 59. Ka4 Ra1+ 60. Kb5 Rh1 61. Ra6 Kb7 62. c6+ Kb8 63. Kb6 Rh6 64. b5 Rg6 65.
Ra2 Rh6 66. Rd2 Rh8 67. Rd8+ Rxd8 68. c7+ Kc8 69. cxd8=Q+ Kxd8 70. Ka7 1-0

[Event "*** SCC Grand Prix: Titled Tuesday Blitz"]
[Site "Chess.com"]
[Date "2020.06.02"]
[Round "2"]
[White "cassoulet"]
[Black "gui_borba"]
[Result "1/2-1/2"]
[WhiteElo "2597"]
[BlackElo "2310"]
[TimeControl "180+1"]
[EndTime "10:19:11 PDT"]
[Termination "Game drawn by repetition"]

1. e4 c6 2. Nc3 d5 3. Nf3 dxe4 4. Nxe4 Nf6 5. Nxf6+ exf6 6. d4 Bd6 7. Bd3 O-O 8.
O-O Re8 9. h3 Nd7 10. c4 Nf8 11.
b3 Ne6 12. Be3 Nf4 13. Bxf4 Bxf4 14. Bc2 Be6 15. Qd3 g6 16. Rad1 Qa5 17. Qe4 Bc7 18. Qh4 Qxa2 19. Rd2 Qa3 20. Qxf6 Bd8 21. Qf4 Qe7 22. d5 cxd5 23. cxd5 Bd7 24. Re1 Qf6 25. Rxe8+ Bxe8 26. Qe3 Bd7 27. Ne5 Qd6 28. Nc4 Qf6 29. d6 Rc8 30. Ne5 Qe6 31. Nxd7 Qxd7 32. Qxa7 Bg5 33.
Re2 Qxd6 34. Qa1 Bf6 35. Qe1 Bd4 36. Re8+ Rxe8 37. Qxe8+ Kg7 38. Qe4 Qc5 39. Qe2 b5 40. Bd3 b4 41. Bc4 Qe5 42. Qxe5+ Bxe5 43. Kf1 Bc3 44. Ke2 Kf6 45. Kf3 Ke7 46. g3 f6 47.
Ke4 Kd6 48. f3 f5+ 49. Kd3 Ke5 50. f4+ Kd6 51. Bg8 h6 52. Bh7 g5 53. Bxf5 gxf4 54. gxf4 Ke7 55. Ke4 Kf6 56. Bg4 Bd2 57. Be2 Bc3 58.
Bc4 Bd2 59. f5 Bc3 60. Be6 Bd2 61. Kf3 Bc3 62. Kg4 Bd2 63. Kh5 Kg7 64. Bd5 Kf6 65.
Be4 Kg7 66. Bd3 Kf6 67. Kg4 Kg7 68. Kf3 Kf6 69. Ke4 Bc3 70. Kd5 Bd2 71. Ke4 Bc3 72.
Kf3 Bd2 73. Kg4 Bc3 74. h4 Bd2 75. Kh5 Kg7 76. Be4 Kf6 77. Bf3 Kg7 78. Be2 Kf6 79.
Bd3 Kg7 80. Kg4 Kf6 81. Kf3 Bc3 82. Kf4 Bd2+ 83. Kg4 Bc3 84. Kh5 Bd2 85. Kg4 Bc3 86. Kh5 Bd2 87. Be4 Kg7 88. Bd3 Kf6 1/2-1/2

[Event "*** SCC Grand Prix: Titled Tuesday Blitz"]
[Site "Chess.com"]
[Date "2020.06.02"]
[Round "2"]
[White "Pomegranate988"]
[Black "Anton_Demchenko"]
[Result "1/2-1/2"]
[WhiteElo "2552"]
[BlackElo "2842"]
[TimeControl "180+1"]
[EndTime "10:19:12 PDT"]
[Termination "Game drawn by stalemate"]

1. Nf3 Nf6 2. g3 g6 3. Bg2 Bg7 4. c4 O-O 5. O-O d6 6. Nc3 Nbd7 7. b3 c6 8. Bb2 a5 9. Qc2 e5 10.
d4 Re8 11. Rad1 e4 12. Ng5 d5 13. cxd5 cxd5 14. Nb5 Ra6 15. a4 h6 16. Nh3 Rc6 17.
Qd2 Nf8 18. Na7 Ra6 19. Nxc8 Qxc8 20. Rc1 Qd7 21. e3 g5 22. Rc3 Ne6 23. Rfc1 Bf8 24.
Bf1 Bb4 25. Bxa6 bxa6 26. Kg2 Rb8 27. Qe2 Bxc3 28. Rxc3 Qd6 29. Ng1 Kg7 30. h3 h5 31. Qc2 Qb4 32. Ne2 h4 33. g4 Kg6 34.
Qc1 Qb7 35. Ba3 Qd7 36. Qd1 Ng7 37. Nc1 Rc8 38. Rc5 Ne6 39. Rxc8 Qxc8 40. Qd2 Qc7 41. Ne2 Nd7 42. Qc3 Qb6 43. Be7 Qc7 44. Qxc7 Nxc7 45.
Bd8 Ne6 46. Bxa5 f5 47. gxf5+ Kxf5 48. Nc3 g4 49. Nxd5 Ng5 50. hxg4+ Kxg4 51. Nf4 h3+ 52. Kh2 Nf3+ 53. Kh1 Nxd4 54. exd4 Kxf4 55. Bc7+ Kf3 56.
d5 Kxf2 57. Kh2 e3 58. Kxh3 e2 59. Bg3+ Ke3 60. d6 Kd3 61. Be1 Kc2 62. b4 Kb3 63. a5 Kc4 64. Kg4 Kd5 65. Kf5 Kxd6 66.
Ke4 Kc6 67. Ke3 Kb5 68. Kxe2 Nf6 69. Kd3 Nd5 70. Kd4 Nxb4 71. Bxb4 Kxb4 72. Kd3 Kxa5 73. Kc3 Ka4 74. Kb2 Kb4 75. Ka2 Ka4 76. Kb2 a5 77.
Ka2 Kb4 78. Kb2 a4 79. Ka2 a3 80. Ka1 Ka4 81. Ka2 Kb4 82. Ka1 Kb3 83. Kb1 a2+ 84.
Ka1 Ka3 1/2-1/2

[Event "*** SCC Grand Prix: Titled Tuesday Blitz"]
[Site "Chess.com"]
[Date "2020.06.02"]
[Round "2"]
[White "Lestofante90"]
[Black "MPGM"]
[Result "1-0"]
[WhiteElo "2803"]
[BlackElo "2524"]
[TimeControl "180+1"]
[EndTime "10:19:13 PDT"]
[Termination "Lestofante90 won on time"]

1. e4 c6 2. d4 d5 3. Nc3 dxe4 4. Nxe4 Nf6 5. Nxf6+ exf6 6. c3 Bd6 7. Bd3 O-O 8. Qc2 Re8+ 9. Ne2 h5 10. O-O Nd7 11. Be3 Nf8 12. Rad1 Qc7 13. h3 Be6 14. Rfe1 Qd7 15.
Nf4 g6 16. b3 Bc7 17. Be4 Qd6 18. c4 f5 19. Bd3 Rad8 20. h4 Bc8 21. d5 c5 22. Bc1 Nd7 23. g3 Ne5 24. Kg2 Re7 25.
Bb2 Rde8 26. Qc3 f6 27. Re3 Kf7 28. Rde1 Ng4 29. Rxe7+ Rxe7 30. Rxe7+ Qxe7 31. Qd2 Be5 32. Nh3 Bxb2 33. Qxb2 Qe1 34. Qe2 Qxe2 35. Bxe2 Ne5 36. f4 Ng4 37. Kf3 Ke7 38. Bd3 Kd6 39. Ng1 b5 40. cxb5 Kxd5 41. Ke2 Kd4 42. Kd2 Bb7 43. Ne2+ Kd5 44. a4 Nf2 45. Ke3 Nd1+ 46. Kd2 Nf2 47. a5 Kd6 48. Bc4 Ne4+ 49. Ke3 Ke7 50. Bd3 Nd6 51. Nc3 Kd7 52. Bc4 Bg2 53. Na4 Nb7 54. a6 Na5 55. Nxc5+ Kd6 56. Nd3 Be4 57. Kd4 Bxd3 58. Kxd3 Kc5 59. Kc3 Kb6 60. b4 Nxc4 61. Kxc4 Kc7 62. Kc5 Kb8 63. Kd6 Kc8 64. Kc6 Kb8 65.
b6 Ka8 66. bxa7 Kxa7 67. b5 Ka8 68. Kc7 Ka7 69. b6+ Kxa6 70. b7 1-0

[Event "*** SCC Grand Prix: Titled Tuesday Blitz"]
[Site "Chess.com"]
[Date "2020.06.02"]
[Round "2"]
[White "Supernotar"]
[Black "grunbergmihai"]
[Result "1-0"]
[WhiteElo "2709"]
[BlackElo "2379"]
[TimeControl "180+1"]
[EndTime "10:19:15 PDT"]
[Termination "Supernotar won by resignation"]

1. d4 Nf6 2. c4 g6 3. Nc3 d5 4. cxd5 Nxd5 5. e4 Nxc3 6. bxc3 Bg7 7. Nf3 c5 8. Be3 O-O 9. Qd2 Bg4 10. Rc1 Nc6 11. d5 Bxf3 12. gxf3 Ne5 13. Be2 c4 14. f4 Nd3+ 15. Bxd3 cxd3 16. Qxd3 Qa5 17. O-O Rfc8 18. c4 Qxa2 19. e5 a5 20. c5 a4 21. d6 exd6 22.
cxd6 a3 23. d7 Rd8 24. Bb6 Qe6 25. Bxd8 Rxd8 26. Qxa3 Qxd7 27. Qf3 Qf5 28. Rfd1 Rxd1+ 29. Rxd1 Bxe5 30. Rd5 Qxf4 31. Qxf4 Bxf4 32. Rb5 Kg7 33. Rxb7 h5 34. h3 Bg5 35. Kg2 Bf6 36. Kf3 Bd4 37.
Rd7 Bf6 38. Ke4 Bh4 39. f3 Bg3 40. Rb7 Kf6 41. Rb6+ Kg7 42. Ra6 Bh2 43. f4 Bg1 44. f5 gxf5+ 45. Kxf5 Bf2 46. Ke5 Bg3+ 47. Kd5 f6 48.
Ke6 Kg6 49. Ra8 Kg5 50. Ra4 Be5 51. Kd5 h4 52. Rg4+ Kh5 53. Ke4 Bg3 54. Kf5 Be5 55. Rg6 Bd4 56. Rg8 Kh6 57. Rh8+ Kg7 58. Rxh4 Be5 59. Rg4+ Kh6 60. Rh4+ Kg7 61. Rh5 Kf7 62. Rh7+ Kg8 63. Kg6 Kf8 64. Rb7 Ke8 65. h4 Kf8 66. h5 f5 67. Kxf5 Bd4 68. Kg6 Bc5 69. h6 Bd4 70. Rb8+ Ke7 71. h7 1-0

[Event "*** SCC Grand Prix: Titled Tuesday Blitz"]
[Site "Chess.com"]
[Date "2020.06.02"]
[Round "2"]
[White "WonderChampion"]
[Black "Godzillator"]
[Result "1/2-1/2"]
[WhiteElo "1964"]
[BlackElo "2456"]
[TimeControl "180+1"]
[EndTime "10:19:15 PDT"]
[Termination "Game drawn by stalemate"]

1. e4 c6 2. c4 d5 3. exd5 cxd5 4. cxd5 Nf6 5. Bb5+ Nbd7 6. Nc3 g6 7. Nf3 Bg7 8. d4 O-O 9. O-O Nb6 10. Re1 Nbxd5 11. Bc4 Nxc3 12. bxc3 Bg4 13. Be2 Rc8 14. Qb3 b6 15. Ba3 Re8 16. Bb5 Bd7 17. Ne5 e6 18.
Nxd7 Nxd7 19. Qa4 Rc7 20. Bd6 Rb7 21. Bc6 b5 22. Qb4 Rb6 23. Bxd7 Qxd7 24. Bc5 Rb7 25. Qa5 Qc6 26. Rab1 a6 27. h3 Bh6 28. Re2 Rc8 29.
Reb2 Rd7 30. a4 bxa4 31. Rb4 Bd2 32. Rb6 Qe4 33. R1b2 Qe1+ 34. Kh2 Bxc3 35. Qxa6 Re8 36. Re2 Qc1 37. Qxa4 Red8 38. Rb3 Bxd4 39. Bxd4 Rxd4 40.
Qa6 Qf4+ 41. g3 Qf6 42. Reb2 Rd2 43. Qb6 Rxb2 44. Rxb2 Kg7 45. Qb3 Rd4 46. Re2 Rd5 47.
Qe3 Rf5 48. f4 Ra5 49. Qe4 Ra1 50. Qe5 Ra3 51. Qxf6+ Kxf6 52. Kg2 h5 53. Kf2 Ra5 54. Kf3 Ra3+ 55. Re3 Rxe3+ 56. Kxe3 e5 57. Ke4 exf4 58. Kxf4 g5+ 59. Kf3 Kf5 60. Ke3 g4 61. h4 Ke5 62.
Kd3 f6 63. Ke3 f5 64. Ke2 f4 65. Kf2 Ke4 66. Kg2 Ke3 67. gxf4 Kxf4 68. Kh2 g3+ 69.
Kh3 Kf3 1/2-1/2

[Event "*** SCC Grand Prix: Titled Tuesday Blitz"]
[Site "Chess.com"]
[Date "2020.06.02"]
[Round "2"]
[White "KNVB"]
[Black "MariaFominykh"]
[Result "1-0"]
[WhiteElo "2684"]
[BlackElo "2317"]
[TimeControl "180+1"]
[EndTime "10:19:16 PDT"]
[Termination "KNVB won on time"]

1. e4 d6 2. d4 Nf6 3. f3 e5 4. dxe5 dxe5 5. Qxd8+ Kxd8 6. Bc4 Be6 7. Bxe6 fxe6 8.
Be3 Bd6 9. Ne2 Nbd7 10. Nd2 Ke7 11. O-O-O a6 12. c3 b5 13. Kc2 h6 14. h4 Bc5 15. Nf1 Rad8 16. h5 Bxe3 17. Nxe3 Nc5 18. b4 Rxd1 19. Nxd1 Ncd7 20. Ne3 c5 21. a3 Rc8 22.
Nc1 Nb6 23. Nd3 Na4 24. Nd1 cxb4 25. axb4 Kd6 26. N3b2 Nb6 27. Nf2 Ke7 28. Nfd3 Nfd7 29. Ra1 Ra8 30. Kb3 Kf6 31. Kc2 Kg5 32. g4 Rf8 33. Rf1 Kh4 34. Kd2 Kg5 35. Ke2 Kf6 36. Ra1 Ra8 37. Nd1 Kg5 38. Ne3 Rc8 39. Kd2 Ra8 40. Nd1 Nc4+ 41. Ke2 Ncb6 42. Ra3 Nc4 43. Ra2 Ncb6 44. Ne1 Nc4 45. Nf2 Ncb6 46. Ng2 Kf6 47.
Ne3 Na4 48. Ra3 Rc8 49. Nfd1 Ndb6 50. Kd3 Rd8+ 51. Ke2 Rc8 52. Rb3 Rd8 53. Nf2 Rc8 54. Ned1 Rd8 55. Nd3 Rc8 56. N3b2 Nxb2 57. Nxb2 Nc4 58.
Nxc4 Rxc4 59. Ra3 Rc6 60. Ke3 Kg5 61. Rb3 Kf6 62. Ra3 Kg5 63. Rb3 Kf6 64. f4 exf4+ 65.
Kxf4 e5+ 66. Kf3 Kg5 67. Kg3 Rf6 68. Ra3 Rf4 69. Rxa6 Rxg4+ 70. Kf3 Kxh5 71. Rb6 Rf4+ 72. Ke3 g5 73. Rxb5 g4 74. Rxe5+ Kh4 75. Kxf4 1-0

[Event "*** SCC Grand Prix: Titled Tuesday Blitz"]
[Site "Chess.com"]
[Date "2020.06.02"]
[Round "2"]
[White "lelajavakhishvili"]
[Black "Man-Chuk"]
[Result "0-1"]
[WhiteElo "2509"]
[BlackElo "2769"]
[TimeControl "180+1"]
[EndTime "10:19:17 PDT"]
[Termination "Man-Chuk won on time"]

1. Nf3 d5 2. d4 Nf6 3. c4 e6 4. g3 Bb4+ 5. Bd2 Bd6 6. Qc2 c6 7. Bg2 O-O 8. O-O Nbd7 9. Nc3 dxc4 10. a4 e5 11. Rad1 Qe7 12. Bg5 h6 13. dxe5 Bxe5 14.
Nxe5 Nxe5 15. Bxf6 Qxf6 16. Ne4 Qe7 17. Nd6 Be6 18.
Qc3 Ng4 19. Nxc4 Bxc4 20. Qxc4 Ne5 21. Qc3 a5 22. Rd4 Nd7 23. Rfd1 Nf6 24. e4 Rfd8 25. h3 Rxd4 26. Qxd4 Re8 27. Qb6 Qb4 28. Qxb4 axb4 29.
a5 Re5 30. Rd4 Rb5 31. e5 Rxe5 32. Rxb4 Rxa5 33. Rxb7 c5 34. Kh2 Ra4 35. g4 Rb4 36. Rc7 Rxb2 37. Kg3 Rc2 38. h4 Rc3+ 39. Bf3 g6 40.
Kf4 Rc4+ 41. Kg3 g5 42. hxg5 hxg5 43. Kg2 Rc3 44. Rc8+ Kg7 45. Rc7 Rc2 46. Rc6 Nd7 47. Bd5 Ne5 48. Rc7 Rd2 49. Bb3 c4 50. Ba4 Nxg4 51.
Kg3 Nxf2 52. Rxc4 Nd3 53. Rd4 f5 54. Bb5 f4+ 55. Kf3 Ne5+ 56. Ke4 Rxd4+ 57. Kxd4 Kf6 58. Ke4 Ng6 59. Bd7 Ne7 60. Kf3 Nf5 61. Kg4 Ne3+ 62. Kf3 Ke5 63. Bc8 g4+ 64. Kf2 Ke4 65. Bb7+ Kf5 66. Bc8+ Kg5 67. Bb7 Nf5 0-1

[Event "*** SCC Grand Prix: Titled Tuesday Blitz"]
[Site "Chess.com"]
[Date "2020.06.02"]
[Round "2"]
[White "bait_or_mate"]
[Black "Vandros57"]
[Result "1-0"]
[WhiteElo "2545"]
[BlackElo "2251"]
[TimeControl "180+1"]
[EndTime "10:19:18 PDT"]
[Termination "bait_or_mate won on time"]

1. d4 Nf6 2. c4 e6 3. Nf3 Bb4+ 4.
Nbd2 d5 5. g3 O-O 6. Bg2 Bxd2+ 7. Bxd2 Ne4 8. O-O Nxd2 9. Nxd2 Nd7 10. e4 dxe4 11. Nxe4 Nf6 12. Nc3 c6 13. Qd2 Qb6 14. Rad1 Rd8 15. b3 h6 16. Qe3 Bd7 17. Rd2 Be8 18.
Rfd1 Rd7 19. Na4 Qc7 20. Nc5 Rdd8 21. Qe5 Rac8 22. h3 Nd7 23. Qxc7 Rxc7 24. Nd3 Kf8 25. f4 g6 26. Kf2 h5 27. Ke3 Ke7 28. g4 hxg4 29.
hxg4 Nf6 30. g5 Nd7 31. Ne5 Nxe5 32. fxe5 a5 33. Be4 Ra8 34. Rh1 b6 35. Rh7 Kd8 36.
Rh8 Ke7 37. Rdh2 a4 38. b4 a3 39. Kd3 Ra4 40. Kc3 Ra8 41. R2h7 Rd8 42. Bxg6 c5 43. dxc5 bxc5 44. b5 Rcd7 45. Be4 Rd1 46. g6 Rc1+ 47. Bc2 Rd4 48. gxf7 Bxf7 49. Rc8 Rf4 50. Rc7+ Kf8 51. Kd2 Rcf1 52. Bd3 R1f2+ 53. Kc3 Rxa2 54. b6 Rb2 55.
Rc8+ Be8 56. Rh8+ Kg7 57. Rhxe8 Rff2 58. Re7+ Kh6 59. Rh8+ Kg5 60. Rg7+ Kf4 61. Rf7+ Kxe5 62. Rxf2 Rxf2 63. Ra8 a2 64. b7 Rf8 65. Rxa2 Rb8 66.
Rb2 Kd6 67. Be4 Kc7 68. Kd3 Rd8+ 69. Ke3 Kb8 70. Kf4 Rd4 71. Rc2 Rd1 72. Ke5 1-0

[Event "*** SCC Grand Prix: Titled Tuesday Blitz"]
[Site "Chess.com"]
[Date "2020.06.02"]
[Round "2"]
[White "SahajGrover"]
[Black "VinzentSpitzl"]
[Result "1/2-1/2"]
[WhiteElo "2711"]
[BlackElo "2389"]
[TimeControl "180+1"]
[EndTime "10:19:19 PDT"]
[Termination "Game drawn - insufficient material"]

1. e4 c5 2. Nf3 d6 3. d4 cxd4 4. Nxd4 Nf6 5. Nc3 a6 6. Bc4 e6 7. Bb3 Nc6 8. Be3 Qc7 9. O-O Be7 10. f4 O-O 11. Qf3 Na5 12. Bf2 Nxb3 13. axb3 Bd7 14.
Rae1 Bc6 15. Bh4 Rac8 16. Qh3 Kh8 17. e5 dxe5 18. fxe5 Nd5 19. Nxd5 Bxd5 20. Bxe7 Qxe7 21. c3 b5 22. b4 Rce8 23. Qg3 f6 24. Ra1 fxe5 25. Qxe5 Rxf1+ 26. Rxf1 Bc4 27. Rf4 h6 28. h4 Rf8 29. Rxf8+ Qxf8 30. Nxe6 Bxe6 31. Qxe6 Qf4 32. Qxa6 Qc1+ 33. Kh2 Qf4+ 34. Kh3 Qf5+ 35. Kg3 Qe5+ 36.
Kf3 Qf5+ 37. Ke3 Qe5+ 38. Kd3 Qf5+ 39. Kd2 Qf2+ 40. Kc1 Qg1+ 41. Kc2 Qxg2+ 42. Kb1 Qf1+ 43. Ka2 Qc4+ 44. Ka3 Qf1 45. Qc8+ Kh7 46. Ka2 g5 47. hxg5 hxg5 48. Qd7+ Kg6 49. Qe6+ Kh5 50. Qe5 Kh4 51.
Qe7 Kh5 52. Qe6 g4 53. c4 Qxc4+ 54. Qxc4 bxc4 55. b5 g3 56. b6 g2 57. b7 g1=Q 58.
b8=Q Qd4 59. Qb5+ Kg6 60. Ka3 Kf7 61. Qb7+ Ke6 62. Qc6+ Qd6+ 63. Qxd6+ Kxd6 64. Kb4 Kd5 65. Kc3 Kc5 66. b3 cxb3 67. Kxb3 1/2-1/2

[Event "*** SCC Grand Prix: Titled Tuesday Blitz"]
[Site "Chess.com"]
[Date "2020.06.02"]
[Round "2"]
[White "DivyaDeshmukh23"]
[Black "attack2mateU"]
[Result "0-1"]
[WhiteElo "2467"]
[BlackElo "2713"]
[TimeControl "180+1"]
[EndTime "10:19:21 PDT"]
[Termination "attack2mateU won by checkmate"]

1. e4 c5 2. Nf3 d6 3. d4 cxd4 4.
Nxd4 Nf6 5. Nc3 a6 6. Bg5 e6 7. f4 Be7 8. Qf3 Qc7 9. O-O-O b5 10.
g4 b4 11. Bxf6 gxf6 12. Nce2 h5 13. Ng3 hxg4 14. Qxg4 Nc6 15. Nxc6 Qxc6 16. Bd3 Qc5 17. f5 Bd7 18. Nh5 Qe3+ 19. Kb1 Qg5 20. Qxg5 fxg5 21. fxe6 fxe6 22. Ng3 Bf6 23. Bc4 Ke7 24. Nf1 Bc6 25.
Bd3 Be5 26. Ne3 Rxh2 27. Rxh2 Bxh2 28. Rh1 Rh8 29. Ng4 Be5 30. Rg1 Bf4 31. Bxa6 Bxe4 32.
Bd3 Bxd3 33. cxd3 e5 34. Nf2 d5 35. Rg2 Ke6 36. Kc2 Kf5 37. Kb3 e4 38. dxe4+ dxe4 39. Kxb4 e3 40. Nd1 Ke4 41. Nc3+ Kf3 42. Rc2 g4 43. Ne2 g3 44. Nd4+ Ke4 45. Ne6 Bd6+ 46. Kb5 Kd3 47. Rc6 Be5 48. Rc5 Bd4 49. Rg5 e2 50.
Nf4+ Ke4 51. Nxe2 Bf2 52. Nxg3+ Kf4 53. Rh5 Rb8+ 54. Kc4 Bxg3 55. b4 Ke4 56. Rh7 Rc8+ 57. Kb3 Kd5 58. Rh5+ Be5 59. a4 Rc3+ 60. Ka2 Rf3 61.
a5 Re3 62. Rg5 Kc4 63. Rh5 Re1 64. Rh4+ Bd4 65. Rxd4+ Kxd4 66. Kb3 Rb1+ 67. Ka4 Kc4 68. a6 Ra1# 0-1

[Event "*** SCC Grand Prix: Titled Tuesday Blitz"]
[Site "Chess.com"]
[Date "2020.06.02"]
[Round "2"]
[White "c63_amg"]
[Black "OrtizMarcos"]
[Result "1/2-1/2"]
[WhiteElo "2700"]
[BlackElo "2328"]
[TimeControl "180+1"]
[EndTime "10:19:23 PDT"]
[Termination "Game drawn by repetition"]

1. e4 c6 2. d4 d5 3. e5 c5 4. dxc5 e6 5. a3 Bxc5 6. b4 Be7 7. Nf3 a5 8. b5 Nd7 9. Bb2 Nh6 10. Bd3 O-O 11. O-O f6 12. c4 Nc5 13. Nc3 Nxd3 14. Qxd3 fxe5 15. cxd5 exd5 16. Qxd5+ Nf7 17. Nxe5 Bf6 18.
Qxd8 Rxd8 19. Nxf7 Kxf7 20. Na4 Bxb2 21. Nxb2 Be6 22.
Rac1 Rac8 23. f3 Kf6 24. a4 Rxc1 25. Rxc1 Rd4 26. h3 Rb4 27. Rc2 Bb3 28. Rc7 Bxa4 29. Nxa4 Rxa4 30. Rxb7 Rb4 31. Kh2 a4 32. Kg3 h5 33. h4 g6 34. b6 a3 35. Ra7 Rxb6 36. Rxa3 Rc6 37. Ra5 Rb6 38. Ra4 Rc6 39. Kf4 Rb6 40.
g3 Rc6 41. Re4 Rb6 42. Rd4 Rc6 43. Ke4 Ra6 44. Rc4 Rb6 45. Kd5 Rb3 46. Rc6+ Kg7 47. Ke4 Rb4+ 48. Ke3 Rb3+ 49. Kf4 Rb4+ 50. Ke5 Rb5+ 51.
Kd4 Rb3 52. Rc3 Rb4+ 53. Ke3 Rb7 54. Rd3 Kf6 55. Ke4 Re7+ 56. Kf4 Ra7 57. Rd6+ Kg7 58. Rd4 Ra6 59. Ke4 Re6+ 60. Kf4 Rf6+ 61. Ke3 Re6+ 62. Re4 Ra6 63. Kf4 Kf6 64. Rd4 Rb6 65. g4 hxg4 66.
fxg4 Ra6 67. g5+ Kg7 68. Rd7+ Kg8 69. Re7 Rb6 70. Re4 Kf7 71. Rd4 Ra6 72. Rd7+ Ke6 73. Rd4 Rb6 74. Re4+ Kf7 75. Rc4 Ra6 76. Ke5 Ra5+ 77.
Kf4 Ra6 78. Rd4 Ke6 79. Ke4 Rb6 80. Kf4 Ra6 81. Re4+ Kf7 82. Rd4 Ke6 1/2-1/2